 Dungeon Crawl Stone Soup version 0.30-a0-377-g5cb311bc9f (webtiles) character file.

Game seed: 13354236466709016763

1312 SmokeWeed the Covered (level 8, -2/58 HPs)
             Began as a Demonspawn Wanderer on Nov 30, 2022.
             Was an Initiate of Dithmenos.
             Slain by an orc warrior
             ... wielding a +0 war axe
              (15 damage)
             ... on level 6 of the Dungeon.
             The game lasted 00:28:30 (5086 turns).

SmokeWeed the Covered (Demonspawn Wanderer)         Turns: 5086, Time: 00:28:31

Health: -2/58      AC: 11    Str: 22    XL:     8   Next: 32%
Magic:  13/13      EV:  9    Int: 13    God:    Dithmenos [......]
Gold:   308        SH:  5    Dex: 18    Spells: 13/14 levels left

rFire   + . .      SeeInvis .    O - +5 long sword of Youthful Indiscretion {vorpal, rPois rF+ rC+}
rCold   + . .      Faith    .    (no shield)
rNeg    . . .      Spirit   .    w - +0 chain mail
rPois   +          Reflect  +    (no helmet)
rElec   .          Harm     .    I - +0 cloak
rCorr   .          Rampage  .    (gloves unavailable)
Will    .....                    (no boots)
Stlth   ..........               C - amulet of reflection
HPRegen 0.29/turn                l - +6 ring of dexterity
MPRegen 0.13/turn                M - +6 ring of strength

@: no status effects
A: claws 3, powered by pain 1, spiny 1
a: Renounce Religion


You were on level 6 of the Dungeon.
You worshipped Dithmenos.
Dithmenos was noncommittal.
You visited 2 branches of the dungeon, and saw 7 of its levels.

You collected 308 gold pieces.

Inventory:

Hand Weapons
 a - a +0 falchion
 e - a +0 flail
 i - a +3 short sword of venom
 y - the +3 short sword of the Vanishing Invaders {flame, rPois rN+}
   (You took it off an orc on level 5 of the Dungeon)

   It burns those it strikes, dealing additional fire damage.
   rPois:     It protects you from poison.
   rN:        It protects you from negative energy.
 K - a +4 falchion
 O - the +5 long sword of Youthful Indiscretion (weapon) {vorpal, rPois rF+ rC+}
   (You found it on level 6 of the Dungeon)

   It inflicts extra damage upon your enemies.
   rF:        It protects you from fire.
   rC:        It protects you from cold.
   rPois:     It protects you from poison.
Missiles
 m - a boomerang
 v - 5 javelins
 H - 5 curare-tipped darts
 J - 2 atropa-tipped darts (quivered)
Armour
 d - a +0 leather armour
 g - a +0 scale mail
 j - a +0 ring mail
 k - a +0 pair of gloves
 n - a +0 leather armour of cold resistance
 w - a +0 chain mail (worn)
 I - a +0 cloak (worn)
Magical Staves
 q - a staff of fire
Jewellery
 l - a +6 ring of dexterity (left claw)
 u - a ring of resist corrosion
 C - an amulet of reflection (around neck)
 M - a +6 ring of strength (right claw)
Wands
 b - a wand of polymorph (14)
 x - a wand of paralysis (4)
Scrolls
 t - a scroll of silence
 z - a scroll of blinking
 D - 2 scrolls of fear
 L - 4 scrolls of identify
 N - a scroll of teleportation
 P - a scroll of butterflies {unknown}
Potions
 c - 4 potions of invisibility
 f - 4 potions of curing
 h - a potion of lignification
 o - a potion of might
 p - a potion of flight
 r - a potion of berserk rage
 s - 2 potions of mutation {unknown}
 A - a potion of resistance {unknown}
 B - a potion of heal wounds {unknown}
 E - a potion of haste {unknown}
 F - 3 potions of attraction {unknown}
 G - 2 potions of ambrosia {unknown}


   Skills:
 * Level 3.4 Fighting
 - Level 2.9(3.1) Short Blades
 + Level 1.3(2.3) Long Blades
 + Level 0.1 Throwing
 + Level 5.4 Armour
 + Level 2.4 Dodging
 + Level 3.1 Stealth
 + Level 3.9 Spellcasting
 + Level 4.2 Hexes
 + Level 2.0 Evocations


You had 13 spell levels left.
You knew the following spells:

 Your Spells              Type           Power      Damage    Failure   Level
a - Slow                  Hex            52%        N/A       28%         1

Your spell library contained the following spells:

 Spells                   Type           Power      Damage    Failure   Level
 Static Discharge         Conj/Air       4%         2-3/arc   94%         2
 Vhi's Electric Charge    Tloc/Air       4%         N/A       99%         3
 Fulminant Prism          Conj/Hex       4%         3d5       100%        4
 Leda's Liquefaction      Hex/Erth       4%         N/A       100%        4
 Arcjolt                  Conj/Air       1%         1d11      100%        5
 Lightning Bolt           Conj/Air       1%         1d12      100%        5


Dungeon Overview and Level Annotations

Branches:
Dungeon (6/15)             Temple (1/1) D:5

Altars:
Ashenzari
Cheibriados
Dithmenos
Fedhas
Gozag
Hepliaklqana
Kikubaaqudgha
Makhleb
Nemelex Xobeh
Okawaru
Ru
Trog
Uskayaw
Wu Jian
Xom
Yredelemnul

Shops:
D:5 =

Annotations:
D:3 2 transporters
D:4 2 runed translucent doors, tonyyikes's ghost, amateur DsGl


Innate Abilities, Weirdness & Mutations

You have claws for hands.
You sometimes gain a little power by taking damage.
You are partially covered in sharp spines.


Message History

You kill the ufetubus!
Dithmenos accepts your kill.
You see here a +0 flail.
There is a stone staircase leading up here.
An orc warrior comes into view. It is wielding a +0 war axe.
The orc warrior shouts!
The orc warrior unwields a +0 war axe.
The orc warrior wields a +0 arbalest.
The orc warrior shoots a bolt.
The bolt hits you!
The orc warrior shoots a bolt.
The bolt barely misses you.
The orc warrior unwields a +0 arbalest.
The orc warrior wields a +0 war axe.
The orc warrior is struck by your spines.
The orc warrior hits you with a +0 war axe.
You hit the orc warrior but do no damage.
The orc warrior is lightly wounded.
The orc warrior is struck by your spines.
The orc warrior hits you with a +0 war axe!
You closely miss the orc warrior.
The orc warrior is moderately wounded.
The orc warrior barely misses you.
The orc warrior hits you with a +0 war axe!
You hit the orc warrior. You claw the orc warrior.
The orc warrior is heavily wounded.
The orc warrior closely misses you.
You hit the orc warrior but do no damage.
The orc warrior is heavily wounded.
The orc warrior hits you with a +0 war axe!
* * * LOW HITPOINT WARNING * * *
You slash the orc warrior!
The orc warrior is severely wounded.
The orc warrior hits you but does no damage.
You closely miss the orc warrior. You claw the orc warrior.
The orc warrior is almost dead.
You block the orc warrior's attack. x2
You hit the orc warrior.
The orc warrior is almost dead.
The orc warrior barely misses you.
You closely miss the orc warrior.
The orc warrior is almost dead.
The orc warrior hits you with a +0 war axe!
You die...

....# ###.# #># ##.#
##..# ≈ ...## ≈≈.
..## ###≈~~# ..#
###8.8.8# .##
##.@o....+ .#
##..#8.8.8# ##
#..#####≈~~# #. ..
#..## ≈≈. #T. #s
###.## ≈
###########+####.##
#......#.....###..#
#......#h....#....#
####
#..##..#..#..###.<###
##..#


You could see an orc warrior.

Vanquished Creatures
  A troll (D:6)
  A water moccasin (D:5)
  2 ice beasts
  A sky beast (D:6)
  An ogre (D:5)
  A bullfrog (D:5)
  A necrophage (D:6)
  A wight (D:6)
  A howler monkey (D:6)
  A hound (D:4)
  A jelly (D:4)
  2 orc priests
  An iguana (D:4)
  An orc wizard (D:5)
  4 gnolls (D:6)
  8 adders
  A white imp (D:6)
  4 ufetubi
  A worm (D:2)
  2 dart slugs (D:1)
  21 orcs
  9 ball pythons
  4 bats
  5 endoplasms
  A giant cockroach (D:2)
  7 goblins
  7 hobgoblins
  7 kobolds
  3 quokkas
  2 frilled lizards
  7 rats
109 creatures vanquished.

Notes
Turn   | Place    | Note
-------+----------+-------------------------------------------
     0 | D:1      | SmokeWeed the Demonspawn Wanderer began the quest for the
                  | Orb.
     0 | D:1      | SmokeWeed set off with the following items: a +0 falchion,
                  | a wand of polymorph (5), a potion of invisibility, a +0
                  | leather armour; and the following spell memorised: Slow;
                  | and the following spells available to memorise: Fulminant
                  | Prism, Leda's Liquefaction.
     0 | D:1      | Reached XP level 1. HP: 15/15 MP: 2/2
    74 | D:1      | Gained mutation: You are partially covered in sharp spines.
                  | [demonic ancestry]
    74 | D:1      | Reached XP level 2. HP: 20/22 MP: 3/3
   388 | D:1      | Gained mutation: You have sharp fingernails. [demonic
                  | ancestry]
   388 | D:1      | Reached XP level 3. HP: 29/29 MP: 4/4
   957 | D:2      | Reached skill level 2 in Armour
  1486 | D:3      | Found a transporter.
  1503 | D:3      | Found a transporter.
  1591 | D:3      | Reached XP level 4. HP: 33/35 MP: 5/5
  2292 | D:4      | Reached skill level 1 in Dodging
  2311 | D:4      | Gained mutation: You have very sharp fingernails. [demonic
                  | ancestry]
  2311 | D:4      | Reached XP level 5. HP: 39/41 MP: 8/8
  2435 | D:4      | Found a large runed translucent door.
  2436 | D:4      | Found a large runed translucent door.
  2446 | D:4      | Noticed tonyyikes's ghost (amateur DsGl)
  2566 | D:4      | Reached skill level 1 in Short Blades
  2706 | D:5      | Entered Level 5 of the Dungeon
  2727 | D:5      | Gained mutation: You have claws for hands. [demonic
                  | ancestry]
  2727 | D:5      | Reached XP level 6. HP: 47/47 MP: 5/9
  2847 | D:5      | Identified the +3 short sword of the Vanishing Invaders
                  | {flame, rPois rN+}
  2932 | D:5      | Noticed an ice beast
  2947 | D:5      | Reached skill level 3 in Armour
  2953 | D:5      | Killed an ice beast
  3122 | D:5      | Found Watyhoa's Jewellery Boutique.
  3332 | D:5      | Reached skill level 4 in Armour
  3332 | D:5      | Reached XP level 7. HP: 32/52 MP: 6/10
  3485 | D:5      | Reached skill level 5 in Armour
  3486 | D:5      | Found a staircase to the Ecumenical Temple.
  3517 | Temple   | Entered the Ecumenical Temple
  3556 | Temple   | Became a worshipper of Dithmenos the Shadowed
  3872 | D:6      | Found a sparkling altar of Nemelex Xobeh.
  4022 | D:6      | Identified the +5 long sword of Youthful Indiscretion
                  | {vorpal, rPois rF+ rC+}
  4172 | D:6      | Noticed a troll
  4198 | D:6      | Reached skill level 1 in Stealth
  4363 | D:6      | Found a snail-covered altar of Cheibriados.
  4379 | D:6      | Found a blossoming altar of Fedhas.
  4383 | D:6      | Found an iron altar of Okawaru.
  4383 | D:6      | Found a hide-covered altar of Uskayaw.
  4383 | D:6      | Found a shimmering altar of Xom.
  4383 | D:6      | Found an ornate altar of the Wu Jian Council.
  4383 | D:6      | Found a broken altar of Ashenzari.
  4388 | D:6      | Found a burning altar of Makhleb.
  4577 | D:6      | Gained mutation: You sometimes gain a little power by
                  | taking damage. [demonic ancestry]
  4577 | D:6      | Reached XP level 8. HP: 32/58 MP: 10/12
  4869 | D:6      | Killed a troll
  5086 | D:6      | Slain by an orc warrior

Illustrated notes

Levels and vault maps discovered:
D:1:      erik_arrival_blinker_ship, layout_rooms, reono_crystal_passage
D:2:      layout_basic
D:3:      gammafunk_wand_slinger, layout_loops_ring, minivault_23
D:4:      layout_rooms, ebering_ghost_disaster_area
D:5:      minmay_general_purpose_star, layout_rooms,
          dreamdust_divine_triumvirate, minmay_temple_entry_junction,
          serial_shops, shop, dk_noncrumbling_3
D:6:      minmay_clustersquares, layout_layer_cave, kennysheep_orc_sif_temple,
          mainiacjoe_overflow_brackets, minitemple
Temple:   nicolae_temple_bog_church

Skill      XL: |  1  2  3  4  5  6  7 |
---------------+----------------------+-----
Fighting       | 2 3 |  3.4
Armour         | 2 4 5 |  5.4
Spellcasting   | 2 3 |  3.9
Dodging        | 1 2 |  2.4
Short Blades   | 2 |  2.9
Stealth        | 3 |  3.1
Long Blades    | |  1.3
Throwing       | |  0.1
Hexes          | |  4.2
Evocations     | |  2.0

Action                   |  1- 3 |  4- 6 |  7- 9 || total
-------------------------+-------+-------+-------++-------
Melee: Falchion          |    24 |       |     4 ||    28
       Short sword       |    72 |   106 |    73 ||   251
       Punch             |     1 |       |     4 ||     5
       Long sword        |       |       |    15 ||    15
Throw: Dart              |       |       |     3 ||     3
 Cast: Slow              |     6 |    12 |     3 ||    21
  Use: Scroll            |     4 |     8 |     4 ||    16
       Potion            |       |     1 |       ||     1
 Stab: Invisible         |       |     1 |       ||     1
Armor: Leather armour    |     6 |       |       ||     6
       Ring mail         |    20 |       |       ||    20
       Scale mail        |     6 |    36 |       ||    42
       Chain mail        |       |     3 |    36 ||    39
Dodge: Dodged            |    37 |    38 |    22 ||    97
Block: Other             |       |       |    10 ||    10
       Reflection        |       |       |     1 ||     1

Table legend: (Time is in decaauts)
 A = Elapsed time spent in this place.
 B = Non-inter-level travel time spent in this place.
 C = Inter-level travel time spent in this place.
 D = Time resting spent in this place.
 E = Time spent auto-exploring this place.
 F = Levels seen in this place.
 G = Mean time per level.
                   A        B        C        D        E       F      G
               +--------+--------+--------+--------+--------+-----+--------+
         Total |   5072 |   4885 |    187 |    292 |   3673 |   7 |  724.6 |
       Dungeon |   4995 |   4841 |    154 |    292 |   3640 |   6 |  832.5 |
        Temple |     76 |     43 |     33 |      0 |     33 |   1 |   76.0 |
               +--------+--------+--------+--------+--------+-----+--------+

Top non-repeatable levels by time:
     D:6: 1248 daAuts
     D:5: 1040 daAuts
     D:2: 800 daAuts
     D:1: 681 daAuts
     D:3: 652 daAuts
     D:4: 573 daAuts
  Temple: 76 daAuts
